 Dungeon Crawl Stone Soup version 0.28.0 (webtiles) character file.

Game seed: 8329561653345249684

239 hikkokomori the Skirmisher (level 6, -8/51 HPs)
             Began as a Formicid Fighter on Feb 13, 2022.
             Was an Initiate of Ru.
             Killed by divine providence
             ... invoked by an orc priest
              (16 damage)
             ... on level 3 of the Dungeon.
             The game lasted 00:03:30 (2906 turns).

hikkokomori the Skirmisher (Formicid Fighter)       Turns: 2906, Time: 00:03:31

Health: -8/51      AC:  6    Str: 23    XL:     6   Next: 29%
Magic:  6/6        EV:  9    Int:  7    God:    Ru [......]
Gold:   75         SH:  4    Dex: 10    Spells: 5/5 levels left

rFire   . . .      SeeInvis +   a - +0 quarterstaff
rCold   . . .      Faith    .   c - +0 buckler
rNeg    . . .      Spirit   .   b - +0 scale mail
rPois   .          Reflect  .   (helmet unavailable)
rElec   .          Harm     .   (no cloak)
rCorr   .          Rampage  .   (no gloves)
Will    .....                   (no boots)
Stlth   ..........              (no amulet)
HPRegen 0.17/turn               (no ring)
MPRegen 0.10/turn               (no ring)

@: no status effects
A: permanent stasis, dig shafts and tunnels, antennae 3, four strong arms
a: Dig, Shaft Self, Renounce Religion


You were on level 3 of the Dungeon.
You worshipped Ru.
Ru was noncommittal.
You visited 1 branch of the dungeon, and saw 3 of its levels.

You collected 75 gold pieces.

Inventory:

Hand Weapons
 a - a +0 quarterstaff (weapon)
Armour
 b - a +0 scale mail (worn)
 c - a +0 buckler (worn)
Jewellery
 e - a ring of positive energy
Wands
 i - a wand of mindburst (12)
Scrolls
 g - 4 scrolls of identify {unknown}
 j - a scroll of blinking {unknown}
 k - a scroll of summoning {unknown}
Potions
 d - a potion of ambrosia {unknown}
 f - 2 potions of curing {unknown}
 h - 2 potions of brilliance {unknown}
 l - a potion of heal wounds {unknown}
 m - a potion of degeneration {unknown}


   Skills:
 + Level 5.6 Fighting
 + Level 4.5 Staves
 - Level 3.2 Armour
 - Level 3.6 Shields


You had 5 spell levels left.
You didn't know any spells.
Your spell library contained the following spells:

 Spells                   Type           Power      Damage    Failure   Level
 Magic Dart               Conj           0%         1d3       82%         1
 Call Imp                 Summ           0%         N/A       91%         2
 Mephitic Cloud           Conj/Pois/Air  0%         N/A       99%         3


Dungeon Overview and Level Annotations

Branches:
Dungeon (3/15)

Altars:
Ru


Innate Abilities, Weirdness & Mutations

You cannot be hasted, slowed, berserked, paralysed or teleported.
You can dig through walls and to a lower floor.
You have a pair of large antennae on your head. (SInv)
Your four strong arms can wield two-handed weapons with a shield.


Message History

An orc priest comes into view. It is wielding a +0 hand axe.
The orc hits you with a +0 falchion.
You hit the orc.
The orc is almost dead.
The orc priest miscasts a cantrip.
The orc hits you with a +0 falchion.
You closely miss the orc.
The orc is almost dead.
The orc hits you but does no damage.
The orc priest casts a cantrip, but nothing happens.
You sock the orc!
You kill the orc!
You hit the orc but do no damage. The orc hits you with a +0 dagger.
You sock the orc!
You kill the orc!
Items here: )) [ †††.
You barely miss the orc priest.
The orc priest hits you with a +0 hand axe.
You barely miss the orc priest.
The orc priest looks encouraged for a moment.
You hit the orc priest.
The orc priest is moderately wounded.
The orc priest calls down the wrath of Beogh upon you.
Pain shoots through your body!
* * * LOW HITPOINT WARNING * * *
You are too injured to fight recklessly!
You are too injured to fight recklessly!
You are too injured to fight recklessly!
You are too injured to fight recklessly!
You hit the orc priest.
The orc priest is severely wounded.
The orc priest hits you with a +0 hand axe.
* * * LOW HITPOINT WARNING * * *
The orc priest hits you with a +0 hand axe.
* * * LOW HITPOINT WARNING * * *
You completely miss the orc priest.
The orc priest is severely wounded.
The orc priest calls down the wrath of Beogh upon you.
Beogh smites you!
You die...

##.....
..........#
#...... .........
##### .......##
#.... .......###
#.### ........ #.#
.....# #####.#
#o...#####.....#
#@###...##.#####
#.....#.##.#
#######.[#..#.##.#
.................#
.#######......####
#....#.###
###..### #..#####
#.....>#


You could see an orc priest.

Vanquished Creatures
  Sigmund (D:3)
  4 adders
  A worm (D:3)
  2 dart slugs (D:2)
  2 orcs (D:3)
  4 endoplasms
  3 giant cockroaches
  3 goblins
  5 hobgoblins
  2 quokkas (D:2)
  5 ball pythons
  6 bats
  2 frilled lizards
  5 kobolds
  3 rats (D:3)
48 creatures vanquished.

Notes
Turn   | Place    | Note
-------+----------+-------------------------------------------
     0 | D:1      | hikkokomori the Formicid Fighter began the quest for the
                  | Orb.
     0 | D:1      | Reached XP level 1. HP: 18/18 MP: 1/1
   518 | D:1      | Reached XP level 2. HP: 23/24 MP: 2/2
  1095 | D:2      | Found a faded altar of an unknown god.
  1143 | D:2      | Reached XP level 3. HP: 28/30 MP: 3/3
  1201 | D:2      | Reached skill level 4 in Fighting
  2010 | D:2      | Reached XP level 4. HP: 37/37 MP: 4/4
  2494 | D:3      | Noticed Sigmund
  2507 | D:3      | Killed Sigmund
  2508 | D:3      | Reached skill level 5 in Fighting
  2508 | D:3      | Reached XP level 5. HP: 28/44 MP: 5/5
  2508 | D:3      | Reached XP level 6. HP: 32/51 MP: 6/6
  2615 | D:3      | Found a sacrificial altar of Ru.
  2623 | D:3      | Became a worshipper of Ru the Awakened
  2906 | D:3      | Killed from afar by an orc priest

Illustrated notes

Levels and vault maps discovered:
D:1:      minmay_arrival_wavy_path, layout_rooms, corexii_corridor_pit,
          grunt_decor_clamped
D:2:      layout_basic, shapermc_ecumenical_altar_ellora
D:3:      layout_basic, lemuel_crystal_altar, uniq_sigmund

Skill      XL: |  1  2  3  4 |
---------------+-------------+-----
Fighting       | 4 5 |  5.6
Staves         | 3 4 |  4.5
Armour         | |  3.2
Shields        | |  3.6

Action                   |  1- 3 |  4- 6 || total
-------------------------+-------+-------++-------
Melee: Quarterstaff      |    99 |    58 ||   157
  Use: Potion            |       |     1 ||     1
Armor: Scale mail        |    53 |    18 ||    71
Dodge: Dodged            |    64 |    11 ||    75
Block: Buckler           |    32 |     7 ||    39
